 Dungeon Crawl Stone Soup version 0.25.1-2-g60ff931df9 (webtiles) character file.

Game seed: 11395418332057941048

206252 NebNelluc the Bludgeoner (level 17, -17/157 HPs)
             Began as a Minotaur Berserker on Aug 13, 2020.
             Was the Champion of Trog.
             Demolished by an acid blob (29 damage)
             ... on level 1 of the Pits of Slime on Sept 6, 2020.
             The game lasted 04:43:50 (32738 turns).

NebNelluc the Bludgeoner (Minotaur Berserker)      Turns: 32738, Time: 04:43:50

Health: -17/157    AC: 10    Str: 32    XL:     17   Next: 57%
Magic:  22/22      EV: 20    Int:  1    God:    Trog [******]
Gold:   1376       SH:  9    Dex: 11    Spells: 16/16 levels left

rFire    + . .     SeeInvis +   G - +5 morningstar (protect)
rCold    + + .     Gourm    .   P - +2 buckler {reflect}
rNeg     + + .     Faith    .   x - +8 chain mail {MR+}
rPois    +         Spirit   .   (helmet restricted)
rElec    .         Reflect  +   l - scarf {rC+ rF+}
rCorr    +         Harm     .   i - +0 pair of gloves
MR       +++..                  E - +0 pair of boots
Stlth    ..........             v - amulet "Ihyn" {Acrobat rPois rC+ Str+4}
HPRegen  0.36/turn              s - ring "Riotrorph" {rN++ MR+ rCorr Int-3 SInv}
MPRegen  0.18/turn              V - +4 ring of evasion

@: corroded, berserk cooldown, very slightly contaminated, slowed, invisible,
very slow
A: retaliatory headbutt, horns 2
}: 2/15 runes: barnacled, gossamer
a: Berserk, Trog's Hand, Brothers in Arms, Renounce Religion


You were on level 1 of the Pits of Slime.
You worshipped Trog.
Trog was exalted by your worship.
You were not hungry.

You visited 5 branches of the dungeon, and saw 27 of its levels.
You also visited: Ossuary and Gauntlet.

You collected 2136 gold pieces.
You spent 760 gold pieces at shops.

Inventory:

Hand Weapons
 b - a +4 great mace of flaming
 p - a +2 dire flail of holy wrath
 r - a +0 eveningstar
 C - a +4 dire flail of electrocution
 G - a +5 morningstar of protection (weapon)
 K - a +0 flail of holy wrath
Armour
 i - a +0 pair of gloves (worn)
 l - a scarf of resistance (worn)
 x - a +8 chain mail of magic resistance (worn)
 E - a +0 pair of boots (worn)
 L - a +1 robe of resistance
 P - a +2 buckler of reflection (worn)
 Z - +2 storm dragon scales
Jewellery
 s - the ring "Riotrorph" (left hand) {rN++ MR+ rCorr Int-3 SInv}
   (You found it on level 4 of the Shoals)

   [ring of resist corrosion]

   It affects your intelligence (-3).
   It greatly protects you from negative energy.
   It affects your resistance to hostile enchantments.
   It lets you see invisible.
   It provides partial protection from all sources of acid and corrosion.
 v - the amulet "Ihyn" (around neck) {Acrobat rPois rC+ Str+4}
   (You found it on level 4 of the Dungeon)

   [amulet of the acrobat]

   It helps you evade while moving and waiting.
   It affects your strength (+4).
   It protects you from cold.
   It protects you from poison.
 D - an uncursed ring of ice
 F - an uncursed ring of protection from cold
 J - an uncursed ring of flight
 O - a +4 ring of slaying
 S - an uncursed ring of positive energy
 V - a +4 ring of evasion (right hand)
 Y - a +4 ring of protection
Wands
 a - a wand of random effects (32)
 d - a wand of polymorph (29)
 B - a wand of enslavement (8)
 H - a wand of acid (8)
 N - a wand of digging (5)
 U - a wand of paralysis (19)
Scrolls
 e - a scroll of fear
 j - 14 scrolls of remove curse
 m - 2 scrolls of immolation
 o - 6 scrolls of teleportation
 A - a scroll of summoning
Potions
 f - 3 potions of invisibility
 g - a potion of curing
 k - a potion of berserk rage
 n - 4 potions of lignification
 q - 4 potions of flight
 t - 2 potions of might
 y - 2 potions of ambrosia
 z - a potion of haste
 Q - 3 potions of magic
 R - 2 potions of resistance
 W - 2 potions of cancellation
Miscellaneous
 I - a phial of floods (inert)
 T - a phial of floods (inert)
 X - a lightning rod (4/4)
Comestibles
 c - 14 rations


   Skills:
 + Level 15.7 Fighting
 + Level 18.4 Maces & Flails
 * Level 18.0 Armour
 * Level 13.8 Dodging
 * Level 13.2 Shields
 - Level 9.0 Evocations


You had 16 spell levels left.
You didn't know any spells.
Your spell library contained the following spells:

 Spells                   Type           Power        Failure   Level  Hunger
 Infusion                 Chrm           #...         88%         1    ##.....
 Shroud of Golubria       Chrm/Tloc      #.....       96%         2    ###....
 Song of Slaying          Chrm           #.......     96%         2    ###....
 Ozocubu's Armour         Chrm/Ice       #.......     99%         3    ####...
 Spectral Weapon          Hex/Chrm       #.......     99%         3    ####...


Dungeon Overview and Level Annotations

Branches:
Dungeon (11/15)            Temple (0/1) D:5            Lair (6/6) D:11
 Shoals (4/4) Lair:2       Spider (4/4) Lair:4        Slime (2/5) Lair:6
    Orc (0/2) D:11        Ossuary (visited)         Gauntlet (visited)

Altars:
Ashenzari
Dithmenos
Elyvilon
Hepliaklqana
Kikubaaqudgha
Makhleb
Nemelex Xobeh
Okawaru
Qazlal
Sif Muna
Xom
The Shining One
Jiyva

Shops:
D:6 (   D:8 :   D:9 }   Shoals:2 !


Innate Abilities, Weirdness & Mutations

You reflexively headbutt those who attack you in melee.
You have a pair of horns on your head.


Message History

You feel much better.
You are splashed with acid!
You resist.
* * * LOW HITPOINT WARNING * * *
The acid blob spits acid at you. The splash of acid hits you. You resist.
* * * LOW HITPOINT WARNING * * *
You are splashed with acid!
You resist.
* * * LOW HITPOINT WARNING * * *
You fade into invisibility!
You are splashed with acid!
You resist.
* * * LOW HITPOINT WARNING * * *
Blink to where?
Press: ? - help, Dir - move target cursor
As you read the scroll of blinking, it crumbles to dust.
A slime creature comes into view.
The slime creature quivers.
You feel better.
The slime creature quivers. x2
A slime creature comes into view.
The acid blob hits you!!
You die...

..#..###.#
#............ยง.##
##...............#
.........##.....###
...............#.#
##............#.. #
.#.......J...J..#....
............J..#.....
.J....J>.....@.......
........J............
..........#......J...
.#..J^.J...#.#.......
..##.......#. ...#...
. .......... ...# ..
#.......#.. ...# .
......#.......^.


You could see 2 acid blobs and 5 slime creatures.

Vanquished Creatures
  Arachne (Spider:4)
  The ghost of Ilo Jaz the Slayer, an adept BaFi of Qazlal (Shoals:3)
  An acid blob (Slime:1)
  Polyphemus (Shoals:2)
  2 krakens
  The ghost of skk the Commander, an adept DsFi of Okawaru (Spider:3)
  Ilsuiw (Shoals:2)
  6 ghost moths
  A fire giant (Shoals:2)
  Aizul (Shoals:4)
  4 emperor scorpions
  2 entropy weavers
  A minotaur (Gauntlet)
  2 spark wasps (Spider:4)
  5 merfolk impalers
  5 merfolk javelineers
  An ogre mage (D:10)
  Fannar (D:11)
  Erolcha (D:11)
  7 hydras
  A catoblepas (Shoals:2)
  Erica (D:11)
  A centaur warrior (D:10)
  A merfolk aquamancer (Shoals:2)
  3 alligator snapping turtles (Shoals:4)
  3 merfolk avatars
  A death yak (Shoals:2)
  14 sea snakes
  A glowing orange brain (D:8)
  A lindwurm (Lair:6)
  8 harpies
  17 orb spiders
  30 wolf spiders
  2 ugly things
  3 fauns (Shoals:1)
  6 oklob plants
  3 moths of wrath
  3 cyclopes
  11 manticores
  9 elephants
  9 merfolk sirens
  2 black mambas
  5 water nymphs
  An eye of devastation (Slime:2)
  8 demonic crawlers
  15 spiny frogs
  7 rime drakes
  4 komodo dragons (Lair:6)
  3 meliai (Gauntlet)
  A polar bear (Lair:6)
  30 merfolk
  4 wind drakes
  22 jumping spiders
  A troll (D:10)
  13 blink frogs
  8 hornets
  25 slime creatures
  A raiju (Gauntlet)
  9 dream sheep
  11 snapping turtles
  13 hippogriffs
  65 redbacks
  25 tarantellas
  9 water elementals
  11 wyverns
  5 basilisks
  8 golden eyes
  A hungry ghost (D:10)
  35 yaks
  2 steam dragons (Gauntlet)
  Grum (D:11)
  Menkaure (D:5)
  Edmund (D:4)
  2 wargs (D:11)
  A swamp worm (D:11)
  6 porcupines
  7 water moccasins
  9 ice beasts
  5 orc warriors
  3 sky beasts
  A phantom (D:4)
  2 black bears
  9 ogres
  A necrophage (D:9)
  8 wolves
  8 centaurs
  A big kobold (D:10)
  19 crocodiles
  An elf zombie (Ossuary)
  16 bullfrogs
  A water moccasin zombie (D:7)
  An elf skeleton (D:4)
  A wyvern skeleton (D:10)
  3 scorpions
  11 killer bees
  11 wights
  6 howler monkeys
  5 electric eels
  5 crimson imps
  A bullfrog zombie (D:5)
  2 centaur zombies
  A quasit (D:10)
  2 human zombies (D:4)
  4 jellies
  A hound (D:7)
  3 human skeletons (D:4)
  A centaur skeleton (D:5)
  4 orc priests
  A gnoll shaman (D:10)
  Natasha (thrice) (D:2)
  4 iguanas
  13 orc wizards
  6 worker ants
  2 killer bee zombies
  A big kobold zombie (Ossuary)
  2 hound zombies
  Robin (D:4)
  2 mummies (Ossuary)
  A worker ant zombie (D:6)
  7 gnolls
  A howler monkey skeleton (D:8)
  10 adders
  A shadow imp (D:2)
  2 adder zombies
  3 adder skeletons
  2 worms (D:2)
  3 dart slugs
  5 leopard geckos
  28 orcs
  2 ball pythons
  3 giant cockroaches
  16 goblins
  9 hobgoblins
  4 kobolds
  6 quokkas
  8 bats
  6 frilled lizards
  2 goblin zombies (Ossuary)
  7 hobgoblin zombies (Ossuary)
  A jackal skeleton (D:8)
  2 jackal zombies (Ossuary)
  8 kobold zombies (Ossuary)
  5 orc skeletons (D:4)
  13 orc zombies (Ossuary)
  A quokka zombie (D:6)
  9 rats
  A rat zombie (Ossuary)
  A fungus (Lair:4)
  7 plants
  6 tentacles
897 creatures vanquished.

Vanquished Creatures (collateral kills)
  An emperor scorpion (Spider:4)
  An entropy weaver (Spider:4)
  2 merfolk aquamancers (Shoals:4)
  A two-headed ogre (D:10)
  A merfolk avatar (Shoals:4)
  A death yak (Shoals:2)
  A sea snake (Shoals:4)
  An orb spider (Spider:4)
  A wolf spider (Spider:4)
  A jumping spider (Spider:4)
  3 redbacks (Spider:4)
  A tarantella (Spider:4)
  A yak (Lair:3)
  A water moccasin (Lair:1)
  A jelly (D:10)
18 creatures vanquished.

Vanquished Creatures (others)
  An orb spider (Spider:4)
  2 jumping spiders (Spider:4)
  2 bushes (Lair:6)
  7 fungi
  19 plants
  18 tentacles
49 creatures vanquished.

Grand Total: 964 creatures vanquished

Notes
Turn   | Place    | Note
-------+----------+-------------------------------------------
     0 | D:1      | NebNelluc the Minotaur Berserker began the quest for the
                  | Orb.
     0 | D:1      | Reached XP level 1. HP: 19/19 MP: 0/0
   286 | D:1      | Reached XP level 2. HP: 20/27 MP: 1/1
   762 | D:2      | Noticed Natasha
   768 | D:2      | Killed Natasha
   768 | D:2      | Reached XP level 3. HP: 34/34 MP: 2/2
   776 | D:2      | Found a shattered altar of Ashenzari.
   823 | D:2      | Reached ** piety under Trog
   848 | D:2      | Noticed Natasha
   851 | D:2      | Reached XP level 4. HP: 39/41 MP: 3/3
   852 | D:2      | Killed Natasha
   852 | D:2      | Reached skill level 5 in Maces & Flails
   875 | D:2      | Noticed Natasha
   878 | D:2      | Killed Natasha
   878 | D:2      | Reached skill level 5 in Fighting
  1118 | D:2      | Found an iron altar of Okawaru.
  1218 | D:2      | Reached XP level 5. HP: 42/48 MP: 4/4
  1969 | D:3      | Found a burning altar of Makhleb.
  2335 | D:4      | Reached skill level 1 in Evocations
  2383 | D:4      | Noticed Robin
  2405 | D:4      | Reached *** piety under Trog
  2429 | D:4      | Killed Robin
  2429 | D:4      | Reached XP level 6. HP: 50/56 MP: 5/5
  2756 | D:4      | Found a sand-covered staircase.
  2762 | Ossuary  | Entered an ossuary
  3007 | Ossuary  | Reached XP level 7. HP: 60/61 MP: 7/7
  3079 | Ossuary  | Reached **** piety under Trog
  3349 | D:4      | Got a smoking golden amulet
  3530 | D:4      | Reached skill level 5 in Armour
  3667 | D:4      | Reached XP level 8. HP: 65/70 MP: 8/8
  3679 | D:4      | Noticed Edmund
  3690 | D:4      | Killed Edmund
  3733 | D:4      | Identified the amulet "Ihyn" {Acrobat rPois rC+ Str+4} (You
                  | found it on level 4 of the Dungeon)
  4050 | D:5      | Entered Level 5 of the Dungeon
  4050 | D:5      | Noticed Menkaure
  4056 | D:5      | Killed Menkaure
  4082 | D:5      | Found a staircase to the Ecumenical Temple.
  4208 | D:5      | Found an ancient bone altar of Kikubaaqudgha.
  4219 | D:5      | Reached ***** piety under Trog
  4242 | D:5      | Reached skill level 5 in Dodging
  4506 | D:5      | Found a sparkling altar of Nemelex Xobeh.
  4615 | D:5      | Found a glowing golden altar of the Shining One.
  5012 | D:6      | Found Doufagal's Weapon Boutique.
  5023 | D:6      | Reached XP level 9. HP: 78/78 MP: 10/10
  5545 | D:6      | Found a stormy altar of Qazlal.
  5994 | D:7      | Reached skill level 10 in Maces & Flails
  6223 | D:7      | Found a white marble altar of Elyvilon.
  6224 | D:7      | Found a shimmering blue altar of Sif Muna.
  6224 | D:7      | Found a shadowy altar of Dithmenos.
  6616 | D:8      | Noticed a two-headed ogre
  6617 | D:8      | Noticed a glowing orange brain
  6617 | D:8      | a two-headed ogre changed into a glowing orange brain
  6625 | D:8      | Killed a glowing orange brain
  6677 | D:8      | Found a shimmering altar of Xom.
  6691 | D:8      | Found Fuplev's Book Boutique.
  6724 | D:8      | Reached XP level 10. HP: 88/88 MP: 12/12
  6766 | D:8      | Found a hazy altar of Hepliaklqana.
  6917 | D:8      | Reached skill level 5 in Evocations
  6923 | D:8      | Received a gift from Trog
  7911 | D:9      | Found Syimelac's Gadget Emporium.
  7934 | D:9      | Bought a box of beasts for 320 gold pieces
  7934 | D:9      | Bought a wand of flame (18) for 160 gold pieces
  8757 | D:10     | Entered Level 10 of the Dungeon
  8945 | D:10     | Noticed a two-headed ogre
  8948 | D:10     | Killed a two-headed ogre
  8948 | D:10     | Reached skill level 10 in Armour
  8967 | D:10     | Reached XP level 11. HP: 95/95 MP: 14/14
  9087 | D:10     | Noticed a white ugly thing
  9094 | D:10     | Killed a white ugly thing
  9112 | D:10     | Received a gift from Trog
  9328 | D:10     | Noticed a centaur warrior
  9328 | D:10     | Identified the +7 arbalest "Baybitudgh" {elec, +Fly rElec
                  | Int+2}
  9341 | D:10     | Noticed an ogre mage
  9345 | D:10     | Killed a centaur warrior
  9350 | D:10     | Killed an ogre mage
  9440 | D:10     | Identified the Disquisition on Helpful Snow
  9738 | D:11     | Found a staircase to the Orcish Mines.
  9849 | D:11     | Noticed a two-headed ogre
  9850 | D:11     | a two-headed ogre changed into a swamp worm
 10143 | D:11     | Noticed Erica
 10158 | D:11     | Killed Erica
 10308 | D:11     | Noticed a red ugly thing
 10318 | D:11     | Killed a red ugly thing
 10467 | D:11     | Noticed Grum
 10472 | D:11     | Killed Grum
 10562 | D:11     | Noticed Erolcha
 10568 | D:11     | Killed Erolcha
 10603 | D:11     | Reached XP level 12. HP: 93/106 MP: 15/15
 10630 | D:11     | Noticed Fannar
 10639 | D:11     | Killed Fannar
 10639 | D:11     | Reached skill level 10 in Fighting
 10674 | D:11     | Found a staircase to the Lair.
 10682 | D:11     | Received a gift from Trog
 10979 | Lair:1   | Entered Level 1 of the Lair of Beasts
 11198 | Lair:1   | Noticed an eight-headed hydra
 11206 | Lair:1   | Killed an eight-headed hydra
 12649 | Lair:2   | Found a staircase to the Shoals.
 13255 | Lair:2   | Reached skill level 15 in Maces & Flails
 13486 | Lair:3   | Reached skill level 10 in Dodging
 13499 | Lair:3   | Reached XP level 13. HP: 116/116 MP: 16/16
 14628 | Lair:4   | Found a hole to the Spider Nest.
 14640 | Lair:4   | Found a gate leading to a gauntlet.
 14652 | Gauntlet | Entered a Gauntlet
 14652 | Gauntlet | Found a transporter.
 14652 | Gauntlet | Found a transporter.
 14656 | Gauntlet | Found a transporter.
 14659 | Gauntlet | Found a transporter.
 14660 | Gauntlet | Found a transporter.
 14660 | Gauntlet | Found a transporter.
 14695 | Gauntlet | Found a transporter.
 14698 | Gauntlet | Found a transporter.
 14706 | Gauntlet | Found a transporter.
 14723 | Gauntlet | Found a transporter.
 14736 | Gauntlet | Noticed an entropy weaver
 14741 | Gauntlet | Found a transporter.
 14742 | Gauntlet | Found a transporter.
 14890 | Gauntlet | Identified the Incunabulum of Transmigration
 14982 | Gauntlet | Noticed a minotaur
 15011 | Gauntlet | Killed a minotaur
 16135 | Lair:5   | Reached skill level 1 in Shields
 16440 | Lair:5   | Received a gift from Trog
 17103 | Lair:6   | Entered Level 6 of the Lair of Beasts
 17335 | Lair:6   | Reached XP level 14. HP: 118/126 MP: 18/18
 18264 | Lair:6   | Reached skill level 15 in Armour
 18827 | Lair:6   | Found a staircase to the Slime Pits.
 19321 | Spider:1 | Entered Level 1 of the Spider Nest
 19578 | Spider:1 | Noticed an entropy weaver
 19589 | Spider:1 | Killed an entropy weaver
 19911 | Spider:1 | Killed a ghost moth
 20350 | Spider:1 | Reached skill level 5 in Shields
 21296 | Spider:2 | Received a gift from Trog
 21775 | Spider:2 | Reached XP level 15. HP: 131/135 MP: 20/20
 21855 | Spider:3 | Found a large runed translucent door.
 21855 | Spider:3 | Found a large runed translucent door.
 21857 | Spider:3 | Noticed skk's ghost (adept DsFi)
 21894 | Spider:3 | Killed skk's ghost
 23258 | Spider:4 | Entered Level 4 of the Spider Nest
 23635 | Spider:4 | Got a distressingly furry ring mail
 23636 | Spider:4 | Identified the +1 ring mail of Wicked Joy {rF- rN+ MR++
                  | Dex+4} (You found it on level 4 of the Spider Nest)
 23667 | Spider:4 | Killed a ghost moth
 24128 | Spider:4 | Noticed Arachne
 24136 | Spider:4 | Killed Arachne
 24297 | Spider:4 | Reached ****** piety under Trog
 24318 | Spider:4 | Killed a ghost moth
 24446 | Spider:4 | Reached XP level 16. HP: 85/146 MP: 0/21
 24930 | Spider:4 | Got a gossamer rune of Zot
 24981 | Spider:4 | Reached skill level 10 in Shields
 25246 | Spider:4 | Received a gift from Trog
 25950 | Shoals:1 | Entered Level 1 of the Shoals
 26939 | Shoals:2 | Noticed Polyphemus
 26955 | Shoals:2 | Killed Polyphemus
 27117 | Shoals:2 | Noticed Ilsuiw
 27127 | Shoals:2 | Killed Ilsuiw
 27203 | Shoals:2 | Noticed a kraken
 27205 | Shoals:2 | a kraken changed into a fire giant
 27607 | Shoals:2 | Found Bofar's Distillery.
 27655 | Shoals:2 | Bought a potion of might for 56 gold pieces
 27655 | Shoals:2 | Bought a potion of cancellation for 112 gold pieces
 27655 | Shoals:2 | Bought a potion of invisibility for 112 gold pieces
 28281 | Shoals:3 | Found a runed translucent gate.
 28281 | Shoals:3 | Found a runed translucent gate.
 28281 | Shoals:3 | Found a runed translucent gate.
 28283 | Shoals:3 | Noticed Ilo Jaz's ghost (adept BaFi)
 28315 | Shoals:3 | Reached skill level 15 in Fighting
 28466 | Shoals:3 | Killed Ilo Jaz's ghost
 28704 | Shoals:3 | Noticed a kraken
 29144 | Shoals:3 | Killed a kraken
 29180 | Shoals:4 | Entered Level 4 of the Shoals
 29239 | Shoals:4 | Reached XP level 17. HP: 113/156 MP: 22/22
 30061 | Shoals:4 | Noticed Aizul
 30082 | Shoals:4 | Killed Aizul
 30319 | Shoals:4 | Noticed a kraken
 30319 | Shoals:4 | Found a shattered altar of Ashenzari.
 30329 | Shoals:4 | Killed a kraken
 30360 | Shoals:4 | Got a barnacled rune of Zot
 31020 | Shoals:4 | Received a gift from Trog
 31144 | Shoals:4 | Got a faintly glowing turquoise ring
 31158 | Shoals:4 | Identified the ring "Riotrorph" {rN++ MR+ rCorr Int-3 SInv}
                  | (You found it on level 4 of the Shoals)
 32064 | Slime:1  | Entered Level 1 of the Pits of Slime
 32079 | Slime:1  | Found a viscous altar of Jiyva.
 32116 | Slime:1  | Noticed an acid blob
 32132 | Slime:1  | Killed an acid blob
 32702 | Slime:2  | Noticed an acid blob
 32715 | Slime:2  | Noticed an acid blob
 32731 | Slime:1  | Noticed an acid blob
 32734 | Slime:1  | HP: 3/157 [acid (12)]
 32738 | Slime:1  | Demolished by an acid blob

Illustrated notes

Levels and vault maps discovered:
D:1:      dpeg_arrival_connections, layout_rooms, minmay_misc_feat_plants
D:2:      layout_loops_ring, old_standard_altar, overflow_temple_1_default,
          uniq_natasha
D:3:      layout_rooms, overflow_temple_1_default
D:4:      layout_gridville, first_ration, nicolae_ossuary_entry_catacombs,
          uniq_robin, uniq_edmund
D:5:      layout_basic, lemuel_doored_altar, tso_metal_star,
          nicolae_overflow_hidden_temple, minmay_temple_entry_grid,
          uniq_menkaure
D:6:      layout_basic, nicolae_qazlal_style_of_elements, serial_corexii_hall,
          chequers_hall_statues_corner_a, corexii_hall_statues_l, serial_shops,
          shop_statue
D:7:      layout_loops_cross, grunt_temple_overflow_open, grunt_ogre_cave
D:8:      layout_loops_ring, kennysheep_mini, nicolae_overflow_crystal_walls,
          serial_shops, shop_statue
D:9:      layout_layer_cave, serial_shops,
          nicolae_shop_temple_entry_statues_fountains
D:10:     minmay_the_grid_octo_tiled_squarecenter [minmay_the_grid_octo_focus,
          minmay_the_grid_octo_clover, minmay_the_grid_octo_pinwheel,
          minmay_the_grid_octo_concentric,
          minmay_the_grid_square_5x5_megaprize_crossed,
          minmay_the_grid_square_5x5_minibox,
          minmay_the_grid_square_5x5_shuriken, minmay_the_grid_square_5x5_three,
          minmay_the_grid_square_5x5_c], layout_rooms
D:11:     layout_long_grid, erik_lair_orcish_takeover, orc_0_dummy, uniq_grum,
          uniq_erica, uniq_fannar, uniq_erolcha
Lair:1:   layout_regular_city, nicolae_quartered_pool_medium,
          beast_lair_carwin_6, grunt_megastairs_4
Lair:2:   minmay_lair_oklob_tunnel, layout_small_grid, elwin_shoals_entry_rooms,
          grunt_megastairs_5, infiniplex_staircase_pool_2, serial_bayou_shore_b
Lair:3:   layout_regular_city, lemuel_fruit_tree
Lair:4:   layout_gridlike, spider_nest_entry_web_field, gauntlet_entry_generic,
          serial_bayou_shore_b
Lair:5:   layout_regular_city, guppyfry_lair_drakes, grunt_megastairs_1
Lair:6:   gammafunk_lair_ancient_temple, layout_cave_pods,
          minmay_slime_entry_oklob_enclosed, serial_forest,
          infiniplex_forest_zigzag_1, infiniplex_forest_clump_long,
          infiniplex_forest_clump_diagonal, infiniplex_forest_lined_3,
          infiniplex_forest_end_1, infiniplex_forest_lined_room_2
Shoals:1: layout_shoals, overgrown_hall
Shoals:2: layout_shoals, serial_shops, nicolae_shop_crystal,
          nicolae_shoals_water_elemental_grotto, uniq_ilsuiw, uniq_polyphemus
Shoals:3: layout_shoals, ebering_ghost_rock_garden
Shoals:4: shoals_end_hangedman, layout_shoals, lemuel_oklob_altar, uniq_aizul
Spider:1: layout_spider_delve
Spider:2: layout_spider_delve
Spider:3: layout_spider_delve, ebering_ghost_disaster_area,
          nicolae_spider_circle_web
Spider:4: spider_rune_water, uniq_arachne
Slime:1:  layout_caves, basic_altar
Slime:2:  layout_caves, cheibrodos_slime_lost_civilization_4

Skill      XL: |  1  2  3  4  5  6  7  8  9 10 11 12 13 14 15 16 17 |
---------------+----------------------------------------------------+-----
Fighting       | 4 5 6 7 8 9 11 12 13 14 15 | 15.7
Maces & Flails | 4 5 6 7 9 10 12 13 15 16 17 18 | 18.4
Dodging        | 3 4 5 6 7 8 10 11 12 13 | 13.8
Armour         | 3 4 5 6 8 10 11 13 14 15 16 17 18 | 18.0
Evocations     | 1 2 3 4 5 7 8 9 |  9.0
Shields        | 2 6 9 11 13 | 13.2

Action                   |  1- 3 |  4- 6 |  7- 9 | 10-12 | 13-15 | 16-18 || total
-------------------------+-------+-------+-------+-------+-------+-------++-------
Melee: Mace              |    50 |   158 |   127 |       |       |       ||   335
       Headbutt          |     4 |    31 |    71 |   131 |   248 |   217 ||   702
       Dire flail        |       |       |   161 |   244 |       |       ||   405
       Great mace        |       |       |       |   243 |       |       ||   243
       Morningstar       |       |       |       |    42 |   873 |   757 ||  1672
       Flail             |       |       |       |       |    54 |       ||    54
Invok: Berserk           |     3 |     5 |     9 |    17 |    29 |    15 ||    78
       Trog's Hand       |       |     2 |     1 |     5 |     7 |     5 ||    20
       Brothers in Arms  |       |       |       |     3 |     3 |     3 ||     9
 Abil: Evoke Flight      |       |       |       |       |     1 |       ||     1
Evoke: Wand              |       |     1 |    24 |    38 |    70 |    30 ||   163
       Box of beasts     |       |       |       |     2 |       |       ||     2
       Phial of floods   |       |       |       |       |     1 |     2 ||     3
       Lightning rod     |       |       |       |       |       |     1 ||     1
  Use: Scroll            |       |     5 |    16 |    12 |    11 |    18 ||    62
       Potion            |       |     2 |       |     1 |     7 |     8 ||    18
 Stab: Invisible         |       |       |       |       |     2 |       ||     2
       Paralysed         |       |       |       |       |     2 |       ||     2
  Eat: Chunk             |     2 |     5 |    15 |    27 |    33 |    24 ||   106
       Ration            |       |     3 |     1 |     4 |    10 |     6 ||    24
Armor: Animal skin       |    10 |     5 |       |       |       |       ||    15
       Ring mail         |       |    27 |    20 |       |       |       ||    47
       Chain mail        |       |       |    85 |   214 |   478 |   296 ||  1073
Dodge: Dodged            |    48 |    89 |   142 |   324 |   766 |   623 ||  1992
Block: Buckler           |       |       |       |       |   220 |   268 ||   488
       Reflection        |       |       |       |       |       |    18 ||    18
